 Dungeon Crawl Stone Soup version 0.27-a0-1046-g98bf31544f (webtiles) character file.

Game seed: 256043747032442518

70 jestyr24 the Firebug (level 4, -5/34 HPs)
             Began as a Draconian Fire Elementalist on Apr 19, 2021.
             Was a Believer of Elyvilon.
             Slain by a black bear (7 damage)
             ... on level 2 of the Dungeon.
             The game lasted 00:09:27 (1953 turns).

jestyr24 the Firebug (Draconian Fire Elementalist)  Turns: 1953, Time: 00:09:27

Health: -5/34      AC:  6    Str: 10    XL:     4   Next: 4%
Magic:  4/8        EV: 12    Int: 16    God:    Elyvilon [**....]
Gold:   75         SH:  0    Dex: 12    Spells: 7/8 levels left

rFire    . . .     SeeInvis .   b - +0 spear (vorpal)
rCold    . . .     Faith    .   (no shield)
rNeg     . . .     Spirit   .   (armour unavailable)
rPois    .         Reflect  .   (helmet restricted)
rElec    .         Harm     .   f - +0 cloak
rCorr    .         Rampage  .   (no gloves)
Will     .....                  (no boots)
Stlth    ++........             (no amulet)
HPRegen  0.11/turn              (no ring)
MPRegen  0.11/turn              (no ring)

@: no status effects
A: AC +5, unfitting armour, cold-blooded
a: Renounce Religion, Lesser Healing, Heal Other, Divine Protection


You were on level 2 of the Dungeon.
You worshipped Elyvilon.
Elyvilon was pleased with you.
You visited 1 branch of the dungeon, and saw 2 of its levels.

You collected 75 gold pieces.

Inventory:

Hand Weapons
 b - a +0 vorpal spear (weapon)
Armour
 f - a +0 cloak (worn)
Scrolls
 a - a scroll of torment {unknown}
 c - 4 scrolls of identify {unknown}
 i - a scroll of summoning {unknown}
Potions
 d - a potion of degeneration {unknown}
 e - 2 potions of heal wounds {unknown}
 g - a potion of lignification {unknown}
 h - 2 potions of cancellation {unknown}


   Skills:
 + Level 0.3 Fighting
 + Level 0.4 Polearms
 + Level 2.1 Dodging
 + Level 1.9 Stealth
 + Level 2.7 Spellcasting
 + Level 1.9 Conjurations
 + Level 3.6 Fire Magic


You had 7 spell levels left.
You knew the following spells:

 Your Spells              Type           Power      Damage    Failure   Level
a - Foxfire               Conj/Fire      44%        2x1d6     6%          1

Your spell library contained the following spells:

 Spells                   Type           Power      Damage    Failure   Level
 Conjure Flame            Conj/Fire      11%        6-21      19%         3
 Inner Flame              Hex/Fire       7%         N/A       28%         3
 Sticky Flame             Conj/Fire      11%        2d3       52%         4
 Fireball                 Conj/Fire      5%         3d5       86%         5


Dungeon Overview and Level Annotations

Branches:
Dungeon (2/15)

Altars:
Elyvilon


Innate Abilities, Weirdness & Mutations

Your plain brown scales are hard. (AC +5)
You cannot fit into any form of body armour.
You are cold-blooded and may be slowed by cold attacks.


Message History

The black bear claws you but does no damage.
The black bear claws you.
You hit the black bear.
The black bear is severely wounded.
The foxfire hits the black bear.
The black bear is severely wounded.
The foxfire hits the black bear.
The black bear is severely wounded.
The black bear goes berserk!
You conjure some foxfire!
The black bear bites you! The black bear barely misses you.
The black bear claws you. The black bear closely misses you.
The black bear barely misses you.
The black bear claws you but does no damage.
You hit the black bear.
The black bear is almost dead.
The foxfire hits the black bear but does no damage.
The black bear is almost dead.
The foxfire hits the black bear but does no damage.
The black bear is almost dead.
The black bear bites you!
* * * LOW HITPOINT WARNING * * *
The black bear claws you but does no damage.
The black bear misses you.
You are too injured to fight recklessly!
The black bear bites you.
* * * LOW HITPOINT WARNING * * *
The black bear barely misses you. The black bear claws you.
* * * LOW HITPOINT WARNING * * *
Casting: Foxfire (safe; 6% risk of failure)
Confirm with . or Enter, or press ? or * to list all spells.
You conjure some foxfire!
The black bear bites you.
* * * LOW HITPOINT WARNING * * *
The black bear claws you but does no damage.
The black bear closely misses you.
The foxfire hits the black bear.
The black bear is almost dead.
The foxfire hits the black bear.
The black bear is almost dead.
The black bear bites you!
You die...

#.. ##.........##... #.#..#
####..........##..# #.# ..
#.......#.......... #.# #.#
#.##...#......##### #.#
#..##.##.....#.#### #.#
#..#....#.....# #
#######.#####.#.##.#...### ##
................#..#..## #.
...............h@.##..##### ##.
..(.......................# ###..
...<..........####....###... ....
..............##...#..## #..
...................##..# #..
...................##..# ##..
...................##..#######...
.....†.........#......)....##....
......#....................##....


You could see a black bear (berserk).

Vanquished Creatures
  2 adders (D:2)
  A dart slug (D:1)
  A bat (D:1)
  5 endoplasms
  2 giant cockroaches (D:1)
  2 goblins
  9 hobgoblins
  2 jackals (D:1)
  4 quokkas (D:1)
  4 ball pythons
  4 frilled lizards
  6 kobolds
  3 rats (D:1)
45 creatures vanquished.

Vanquished Creatures (others)
  111 foxfires
111 creatures vanquished.

Grand Total: 156 creatures vanquished

Notes
Turn   | Place    | Note
-------+----------+-------------------------------------------
     0 | D:1      | jestyr24 the Draconian Fire Elementalist began the quest
                  | for the Orb.
     0 | D:1      | Reached XP level 1. HP: 14/14 MP: 3/3
   352 | D:1      | Reached XP level 2. HP: 7/20 MP: 0/5
   908 | D:1      | Found a faded altar of an unknown god.
   916 | D:1      | Became a worshipper of Elyvilon the Healer
   916 | D:1      | Reached * piety under Elyvilon
  1095 | D:1      | Reached XP level 3. HP: 20/26 MP: 4/6
  1766 | D:2      | Reached ** piety under Elyvilon
  1859 | D:2      | Reached XP level 4. HP: 34/34 MP: 3/8
  1936 | D:2      | Noticed a black bear
  1953 | D:2      | Slain by a black bear

Illustrated notes

Levels and vault maps discovered:
D:1:      psy_arrival_conway, layout_basic, ebering_ecumenical_altar_hall,
          minmay_three_crescents
D:2:      layout_rooms

Skill      XL: |  1  2  3 |
---------------+----------+-----
Dodging        | 2 |  2.1
Fighting       | |  0.3
Polearms       | |  0.4
Stealth        | |  1.9
Spellcasting   | |  2.7
Conjurations   | |  1.9
Fire Magic     | |  3.6

Action                   |  1- 3 |  4- 6 || total
-------------------------+-------+-------++-------
Melee: Unarmed           |    11 |       ||    11
       Spear             |    22 |     4 ||    26
       Tailslap          |     4 |       ||     4
 Cast: Foxfire           |    58 |     6 ||    64
Armor: Skin              |    24 |     5 ||    29
Dodge: Dodged            |    32 |     7 ||    39

Table legend: (Time is in decaauts)
 A = Elapsed time spent in this place.
 B = Non-inter-level travel time spent in this place.
 C = Inter-level travel time spent in this place.
 D = Time resting spent in this place.
 E = Time spent auto-exploring this place.
 F = Levels seen in this place.
 G = Mean time per level.
                   A        B        C        D        E       F      G
               +--------+--------+--------+--------+--------+-----+--------+
         Total |   1960 |   1929 |     31 |    592 |    897 |   2 |  980.0 |
       Dungeon |   1960 |   1929 |     31 |    592 |    897 |   2 |  980.0 |
               +--------+--------+--------+--------+--------+-----+--------+

Top non-repeatable levels by time:
     D:1: 1603 daAuts
     D:2: 356 daAuts
